 Dungeon Crawl Stone Soup version 0.28-a0-883-gc8d7bad45d (webtiles) character file.

Game seed: 9204228213547056402

35 ytrimaz the Skirmisher (level 3, -18/29 HPs)
             Began as a Demonspawn Fighter on Nov 22, 2021.
             Engulfed by a cloud of flame (30 damage)
             ... on level 2 of the Dungeon.
             The game lasted 00:01:05 (1074 turns).

ytrimaz the Skirmisher (Demonspawn Fighter)         Turns: 1074, Time: 00:01:06

Health: -18/29     AC: 12    Str: 17    XL:     3   Next: 16%
Magic:  3/3        EV:  9    Int:  9    God:
Gold:   34         SH:  4    Dex: 12    Spells: 2/2 levels left

rFire   . . .      SeeInvis .   f - +0 broad axe
rCold   . . .      Faith    .   c - +0 buckler
rNeg    . . .      Spirit   .   b - +0 scale mail
rPois   .          Reflect  .   (helmet restricted)
rElec   .          Harm     .   (no cloak)
rCorr   .          Rampage  .   (no gloves)
Will    .....                   (no boots)
Stlth   ..........              (no amulet)
HPRegen 0.09/turn               (no ring)
MPRegen 0.08/turn               (no ring)

@: sanguine armoured
A: horns 1, sanguine armour 1
a: no special abilities


You were on level 2 of the Dungeon.
You visited 1 branch of the dungeon, and saw 2 of its levels.

You collected 34 gold pieces.

Inventory:

Hand Weapons
 a - a +0 war axe
 f - a +0 broad axe (weapon)
Armour
 b - a +0 scale mail (worn)
 c - a +0 buckler (worn)
Potions
 d - a potion of might
 e - a potion of magic {unknown}


   Skills:
 + Level 3.4 Fighting
 + Level 2.1 Axes
 + Level 3.1 Armour
 + Level 3.0 Shields


You had 2 spell levels left.
You didn't know any spells.
Your spell library contained the following spells:

 Spells                   Type           Power      Damage    Failure   Level
 Sublimation of Blood     Necr           0%         N/A       93%         2
 Petrify                  Tmut/Erth      0%         N/A       100%        4
 Irradiate                Conj/Tmut      0%         3d13      100%        5


Dungeon Overview and Level Annotations

Branches:
Dungeon (2/15)

Altars:
Nemelex Xobeh

Annotations:
D:2 Robin


Innate Abilities, Weirdness & Mutations

You have a pair of small horns on your head.
When seriously injured, your blood forms armour. (AC +6)


Message History

Unknown command.
Found a scroll labelled MOYLES LARUIQY.
Found a stone staircase leading down.
A goblin and 5 hobgoblins come into view.
The hobgoblin shouts! x3; The goblin shouts!
The hobgoblin shouts!
Found 20 stones.
A jackal comes into view.
A hobgoblin comes into view.
A goblin comes into view. It is wielding a +0 club.
A goblin comes into view. It is wielding a +0 dagger. x2
A jackal comes into view.
The jackal moves out of view.
The hobgoblin shouts!
The goblin shouts! x3; The jackal barks!
You hear an angry hiss.
Robin of the Strong Arm comes into view.
They are wielding a +0 mace.
Robin shouts!
A goblin comes into view. It is wielding a +0 dagger.
Robin roars a battlecry!
The goblins go into a battle-frenzy!
You hear a shout!
A ball python comes into view.
Found a runed silver wand.
The goblin shouts!
The ball python hisses angrily.
A goblin comes into view. It is wielding a +0 dagger.
Robin throws the goblin at you! You block the goblin's attack.
The hobgoblin hits you but does no damage.
The jackal barks!
The goblin hits you with a +0 dagger.
You slash the ball python!
You kill the ball python!
You closely miss the goblin. You miss the jackal.
You closely miss the hobgoblin. You slash the hobgoblin!
The hobgoblin explodes!
The fiery explosion engulfs you!
Your blood congeals into armour.
The fiery explosion engulfs the hobgoblin!!!
You kill the hobgoblin!
The fiery explosion engulfs the hobgoblin!
You kill the hobgoblin!
You are engulfed in blazing flames.
Ouch! That really hurt!
You die...

###.. ........... .....
.>........
.....######..gg..... #..
.........##g........ +.?
.........##ggg..... #..
.......§§§g....... ..
#......§§§g...####+####.
#.....†@§§g.............
.......gh...#####....#..
............# #.......
../.........# ###.....
............# ##...#
......h....(# .......
..#.......... ........
..#........... #........
#........


You could see Robin, 2 jackals, 3 hobgoblins and 5 goblins.

Vanquished Creatures
  A gnoll (D:1)
  An endoplasm (D:1)
  2 goblins (D:1)
  7 hobgoblins
  7 jackals (D:1)
  4 ball pythons
  A frilled lizard (D:1)
  A kobold (D:1)
  2 rats (D:1)
26 creatures vanquished.

Notes
Turn   | Place    | Note
-------+----------+-------------------------------------------
     0 | D:1      | ytrimaz the Demonspawn Fighter began the quest for the Orb.
     0 | D:1      | Reached XP level 1. HP: 18/18 MP: 1/1
    50 | D:1      | Noticed a shining eye
    58 | D:1      | Gained mutation: When seriously injured, your blood forms
                  | armour. (AC +6) [demonic ancestry]
    58 | D:1      | Reached XP level 2. HP: 6/24 MP: 2/2
    59 | D:1      | Found a faded altar of an unknown god.
    63 | D:1      | Noticed a floating eye
    63 | D:1      | Noticed a golden eye
    63 | D:1      | Noticed a shining eye
   663 | D:1      | Gained mutation: You have a pair of small horns on your
                  | head. [demonic ancestry]
   663 | D:1      | Reached XP level 3. HP: 25/29 MP: 3/3
  1038 | D:2      | Found a sparkling altar of Nemelex Xobeh.
  1069 | D:2      | Noticed Robin
  1074 | D:2      | Engulfed by a cloud of flame

Illustrated notes

Levels and vault maps discovered:
D:1:      scummos_arrival_simple_crosswalls, layout_basic,
          hellmonk_ecumenical_altar_watching_god
D:2:      layout_basic, basic_altar, serial_shops, shop, shop,
          nicolae_square_shop, nicolae_shop_statue_plus, shop_statue,
          kennysheep_generic_room_13, uniq_robin

Skill      XL: |  1  2 |
---------------+-------+-----
Axes           | 2 |  2.1
Armour         | 3 |  3.1
Shields        | 3 |  3.0
Fighting       | |  3.4

Action                   || total
-------------------------++-------
Melee: War axe           ||    64
       Broad axe         ||     2
       Headbutt          ||     1
  Use: Scroll            ||     1
Armor: Scale mail        ||    46
Dodge: Dodged            ||    30
Block: Buckler           ||    12

Table legend: (Time is in decaauts)
 A = Elapsed time spent in this place.
 B = Non-inter-level travel time spent in this place.
 C = Inter-level travel time spent in this place.
 D = Time resting spent in this place.
 E = Time spent auto-exploring this place.
 F = Levels seen in this place.
 G = Mean time per level.
                   A        B        C        D        E       F      G
               +--------+--------+--------+--------+--------+-----+--------+
         Total |   1100 |   1030 |     70 |    192 |    652 |   2 |  550.0 |
       Dungeon |   1100 |   1030 |     70 |    192 |    652 |   2 |  550.0 |
               +--------+--------+--------+--------+--------+-----+--------+

Top non-repeatable levels by time:
     D:1: 1058 daAuts
     D:2: 42 daAuts
